 Dungeon Crawl Stone Soup version 0.31-a0-1570-g93c622d222 (webtiles) character file.

Game seed: 9710868845528865091

55 Flugslaktarn the Apothecary (level 3, -1/21 HPs)
             Began as an Octopode Alchemist on Jan 3, 2024.
             Slain by an orc
             ... wielding a +0 trident
              (6 damage)
             ... on level 3 of the Dungeon.
             The game lasted 00:01:22 (528 turns).

Flugslaktarn the Apothecary (Octopode Alchemist)     Turns: 528, Time: 00:01:23

Health: -1/21      AC:  1    Str:  4 (7)  XL:     3   Next: 93%
Magic:  1/7        EV: 13    Int: 17 (19) God:
Gold:   57         SH:  0    Dex:  9 (12) Spells: 6/7 levels left

rFire   . . .        e - +0 short sword
rCold   . . .        (no shield)
rNeg    . . .        (helmet restricted)
rPois   .            (no amulet)
rElec   +            (no ring)
rCorr   .            (no ring)
SInv    .            (no ring)
Will    .....        (no ring)
Stlth   +++          (no ring)
HPRegen 0.23/turn    (no ring)
MPRegen 0.10/turn    (no ring)
                     (no ring)

%: no passive effects
@: no status effects
A: almost no armour, amphibious, 8 rings, camouflage 1, gelatinous body 1,
(nimble swimmer 1), tentacles, passive freeze, electricity resistance
a: no special abilities


You were on level 3 of the Dungeon.
You visited 1 branch of the dungeon, and saw 3 of its levels.

You collected 57 gold pieces.

Inventory:

Hand Weapons
 e - a +0 short sword (weapon)
   (You took it off a kobold on level 2 of the Dungeon)
Missiles
 c - 3 curare-tipped darts (quivered)
Jewellery
 m - a ring of willpower
   (You found it on level 1 of the Dungeon)
Scrolls
 r - 3 scrolls of identify
Potions
 a - 2 potions of magic
 b - 2 potions of brilliance
 h - a potion of degeneration


   Skills:
 - Level 2.0 Dodging
 - Level 2.6 Stealth
 + Level 2.7 Spellcasting
 - Level 1.0 Conjurations
 * Level 4.6 Alchemy


You had 6 spell levels left.
You knew the following spells:

 Your Spells              Type           Power      Damage    Failure   Level
a - Sting                 Conj/Alch      44%        1d5       5%          1

Your spell library contained the following spells:

 Spells                   Type           Power      Damage    Failure   Level
 Mercury Vapours          Alch/Air       20%        N/A       11%         2
 Call Imp                 Summ           4%         N/A       26%         2
 Sublimation of Blood     Necr           2%         N/A       26%         2
 Mephitic Cloud           Conj/Alch/Air  8%         N/A       26%         3
 Olgreb's Toxic Radiance  Alch           18%        N/A       26%         4
 Sticky Flame             Fire/Alch      10%        2d5       56%         4
 Summon Hydra             Summ           1%         N/A       100%        7


Dungeon Overview and Level Annotations

Branches:
Dungeon (3/15)

Altars:
Fedhas

Shops:
D:2 (


Innate Abilities, Weirdness & Mutations

You cannot wear most types of armour.
You are amphibious.
You can wear up to eight rings at the same time.
Your skin changes colour to match your surroundings (Stealth+).
Your rubbery body absorbs attacks. (AC +1, EV +1)
((You are camouflaged when in or above water. (Stealth+)))
You have tentacles for arms and can constrict up to eight enemies at once.
A frigid envelope surrounds you and freezes all who hurt you.
You are resistant to electric shocks. (rElec)


Message History

A goblin comes into view. It is wielding a +0 dagger.
An orc comes into view. It is wielding a +0 vampiric whip.
Casting: Sting (safe; 5% risk of failure)
Confirm with . or Enter, or press ? or * to list all spells.
Aiming: Sting (safe; 5% risk of failure)
Press: ? - help, Shift-Dir - straight line, f - Robin
Aim: Robin, wielding a +0 mace, wearing a +0 animal skin and wearing a +0 helmet (79% to hit)
The sting hits Robin.
Robin is poisoned.
Robin is lightly wounded.
The goblin shouts!
The orc shouts! x2; The ball python hisses angrily.
An orc comes into view. It is wielding a +0 trident.
A hobgoblin comes into view.
Casting: Sting (safe; 5% risk of failure)
Confirm with . or Enter, or press ? or * to list all spells.
Aiming: Sting (safe; 5% risk of failure)
Press: ? - help, Shift-Dir - straight line, f/p - Robin
Aim: Robin, wielding a +0 mace, wearing a +0 animal skin and wearing a +0 helmet (lightly wounded, poisoned, 79% to hit)
The sting misses Robin.
Robin barely misses you.
Casting: Sting (safe; 5% risk of failure)
Confirm with . or Enter, or press ? or * to list all spells.
Aiming: Sting (safe; 5% risk of failure)
Press: ? - help, Shift-Dir - straight line, f/p - Robin
Aim: Robin, wielding a +0 mace, wearing a +0 animal skin and wearing a +0 helmet (lightly wounded, poisoned, 79% to hit)
You miscast Sting.
You are very lightly contaminated with residual magic.
Nothing appears to happen.
An orc breaks down the door.
An orc comes into view. It is wielding a +0 club.
Casting: Sting (safe; 5% risk of failure)
Confirm with . or Enter, or press ? or * to list all spells.
Aiming: Sting (safe; 5% risk of failure)
Press: ? - help, Shift-Dir - straight line, f/p - Robin
Aim: Robin, wielding a +0 mace, wearing a +0 animal skin and wearing a +0 helmet (lightly wounded, poisoned, 79% to hit)
The sting hits Robin.
Robin looks even sicker.
Robin is moderately wounded.
The orc shouts!
As you read the scroll labelled KETWECKAJITT, it crumbles to dust.
It is a scroll of identify.
b - 2 potions of brilliance;
r - 3 scrolls of identify The orc barely misses you.
Robin roars a battlecry!
The goblins go into a battle-frenzy!
It was a potion of degeneration.
There was something very wrong with that liquid.
You feel weakened.
You feel dopey.
You feel clumsy. Robin closely misses you.
It was a potion of cancellation.
You feel magically purged.
Your magical contamination has completely faded away.
The orc barely misses you. Robin closely misses you.
The ball python bites you but does no damage.
The ball python misses you.
It was a potion of mutation.
You feel extremely strange.
You feel insulated.
Your skin feels very cold.
The ball python barely misses you. x2; The orc misses you.
Robin misses you.
The ball python attacks as it pursues you!
The ball python bites you.
The ball python is very cold.
The ball python is severely wounded.
The ball python barely misses you. The orc closely misses you. x2
The ball python attacks as it pursues you!
The ball python completely misses you. The ball python grabs you.
The ball python is very cold.
You kill the ball python!
The orc attacks as it pursues you! The orc closely misses you.
Robin attacks as they pursue you! Robin barely misses you.
Casting: Sting (safe; 6% risk of failure)
Confirm with . or Enter, or press ? or * to list all spells.
Aiming: Sting (safe; 6% risk of failure)
Press: ? - help, Shift-Dir - straight line, f/p - Robin
Aim: Robin, wielding a +0 mace, wearing a +0 animal skin and wearing a +0 helmet (almost dead, poisoned, 79% to hit)
The sting misses Robin.
The sting hits the orc.
The orc is poisoned.
The orc is lightly wounded.
Robin looks more healthy.
Robin completely misses you. The orc misses you.
Casting: Sting (safe; 6% risk of failure)
Confirm with . or Enter, or press ? or * to list all spells.
Aiming: Sting (safe; 6% risk of failure)
Press: ? - help, Shift-Dir - straight line, f/p - Robin
Aim: Robin, wielding a +0 mace, wearing a +0 animal skin and wearing a +0 helmet (almost dead, 79% to hit)
The sting hits Robin but does no damage.
Robin is poisoned.
Robin is almost dead.
The orc hits you with a +0 club.
The orc is very cold.
You kill the orc!
Robin completely misses you. The orc hits you but does no damage.
You barely miss Robin. Your grab misses Robin. Your squeeze misses Robin.
Robin is almost dead.
The orc closely misses you.
You hit Robin but do no damage. Your grab misses Robin. You squeeze Robin.
You kill Robin!
The orc barely misses you.
The orc hits you from afar with a +0 trident!
The goblin hits you but does no damage.
The goblin is very cold.
The goblin is severely wounded.
It was a potion of curing.
You feel better. The hobgoblin hits you.
The hobgoblin is very cold.
You kill the hobgoblin!
The orc hits you with a +0 flail!
* * * LOW HITPOINT WARNING * * *
The orc is very cold.
The orc is moderately wounded.
The orc hits you from afar with a +0 trident.
You die...

###### #@o..# #########
#og..#####........
#.oo.#...#(.......
##g...#...#........ ..
#.†..))...+........ ....
#...).#...#........
....##'#...+)..+........
..g......###...#........
..?.....................


You could see 4 orcs and 2 goblins.

Vanquished Creatures
  Robin (D:3)
  An orc (D:3)
  6 ball pythons
  3 endoplasms
  2 giant cockroaches
  10 goblins
  9 hobgoblins
  A kobold (D:2)
  A quokka (D:1)
  A frilled lizard (D:3)
  A rat (D:2)
36 creatures vanquished.

Notes
Turn   | Place    | Note
-------+----------+-------------------------------------------
     0 | D:1      | Flugslaktarn the Octopode Alchemist began the quest for the
                  | Orb.
     0 | D:1      | Reached XP level 1. HP: 11/11 MP: 3/3
    32 | D:1      | Reached XP level 2. HP: 4/17 MP: 0/5
   216 | D:2      | Found Tajez's Antique Weapon Shoppe.
   231 | D:2      | Reached skill level 4 in Alchemy
   336 | D:2      | Reached XP level 3. HP: 21/21 MP: 3/6
   429 | D:3      | Found a blossoming altar of Fedhas.
   507 | D:3      | Noticed Robin
   518 | D:3      | Gained mutation: You are resistant to electric shocks.
                  | (rElec) [potion of mutation]
   518 | D:3      | Gained mutation: A frigid envelope surrounds you and
                  | freezes all who hurt you. [potion of mutation]
   527 | D:3      | Killed Robin
   528 | D:3      | Slain by an orc

Illustrated notes

Levels and vault maps discovered:
D:1:      minmay_arrival_shattered_statue, layout_basic
D:2:      layout_rooms, serial_shops, nicolae_shop_tiny_glass
D:3:      layout_basic, marbit_many_paths, fedhas_altar_1,
          hangedman_decor_points, nicolae_elevator_lobby_asterisk, uniq_robin

Skill      XL: |  1  2 |
---------------+-------+-----
Alchemy        | 4 |  4.6
Dodging        | |  2.0
Stealth        | |  2.6
Spellcasting   | |  2.7
Conjurations   | |  1.0

Action                     || total
---------------------------++-------
  Melee: Unarmed           ||    11
         Tentacles         ||    12
         Constrict         ||    11
         Punch             ||     3
         Short sword       ||    39
  Throw: Dart              ||     1
   Cast: Sting             ||    29
    Use: Potion            ||     4
         Scroll            ||     1
 Armour: Skin              ||    33
  Dodge: Dodged            ||    49

Table legend: (Time is in decaauts)
 A = Elapsed time spent in this place.
 B = Non-inter-level travel time spent in this place.
 C = Inter-level travel time spent in this place.
 D = Time resting spent in this place.
 E = Time spent auto-exploring this place.
 F = Levels seen in this place.
 G = Mean time per level.
                   A        B        C        D        E       F      G
               +--------+--------+--------+--------+--------+-----+--------+
         Total |    526 |    476 |     50 |      0 |    226 |   3 |  175.3 |
       Dungeon |    526 |    476 |     50 |      0 |    226 |   3 |  175.3 |
               +--------+--------+--------+--------+--------+-----+--------+

Top non-repeatable levels by time:
     D:2: 265 daAuts
     D:1: 147 daAuts
     D:3: 114 daAuts
